 Dungeon Crawl Stone Soup version 0.28-a0-991-g956f0ee3d5 (webtiles) character file.

Game seed: 9136295740254909970

140 Blackjack the Magician (level 5, -1/37 HPs)
             Began as a Gnoll Hedge Wizard on Dec 4, 2021.
             Killed from afar by Ijyb (19 damage)
             ... with a bolt of acid
             ... on level 3 of the Dungeon.
             The game lasted 00:20:19 (3409 turns).

Blackjack the Magician (Gnoll Hedge Wizard)         Turns: 3409, Time: 00:20:23

Health: -1/37      AC:  9    Str: 15    XL:     5   Next: 23%
Magic:  8/14       EV: 12    Int: 16    God:
Gold:   61         SH:  0    Dex: 11    Spells: 8/18 levels left

rFire   . . .      SeeInvis .   m - +0 hand axe
rCold   . . .      Faith    .   (no shield)
rNeg    . . .      Spirit   .   e - +0 ring mail
rPois   .          Reflect  .   h - +0 helmet
rElec   .          Harm     .   (no cloak)
rCorr   .          Rampage  .   (no gloves)
Will    .....                   k - +2 pair of boots
Stlth   ++........              (no amulet)
HPRegen 0.12/turn               d - +6 ring of strength
MPRegen 0.14/turn               (no ring)

@: very slightly contaminated
A: fangs 1, strong nose, distributed training
a: no special abilities


You were on level 3 of the Dungeon.
You visited 1 branch of the dungeon, and saw 3 of its levels.

You collected 61 gold pieces.

Inventory:

Hand Weapons
 m - a +0 hand axe (weapon)
Armour
 c - a +0 hat
 e - a +0 ring mail (worn)
 h - a +0 helmet (worn)
 k - a +2 pair of boots (worn)
Jewellery
 d - a +6 ring of strength (left hand)
Scrolls
 a - a scroll of identify {unknown}
 b - a scroll of noise {unknown}
 i - 2 scrolls of teleportation {unknown}
Potions
 f - a potion of mutation {unknown}
 j - a potion of haste {unknown}
 l - a potion of resistance {unknown}


   Skills:
 + Level 1.4 Fighting
 + Level 1.4 Short Blades
 + Level 1.4 Long Blades
 + Level 1.4 Axes
 + Level 1.4 Maces & Flails
 + Level 1.4 Polearms
 + Level 1.4 Staves
 + Level 1.4 Slings
 + Level 1.4 Bows
 + Level 1.4 Crossbows
 + Level 1.4 Throwing
 + Level 1.4 Armour
 + Level 4.7 Dodging
 + Level 4.3 Stealth
 + Level 1.4 Shields
 + Level 1.4 Unarmed Combat
 + Level 7.2 Spellcasting
 + Level 2.3 Conjurations
 + Level 1.1 Hexes
 + Level 2.3 Summonings
 + Level 1.1 Necromancy
 + Level 2.3 Translocations
 + Level 1.1 Transmutations
 + Level 1.1 Fire Magic
 + Level 1.1 Ice Magic
 + Level 1.1 Air Magic
 + Level 1.1 Earth Magic
 + Level 1.1 Poison Magic
 + Level 1.5 Invocations
 + Level 1.4 Evocations


You had 8 spell levels left.
You knew the following spells:

 Your Spells              Type           Power      Damage    Failure   Level
a - Magic Dart            Conj           52%        1d5       9%          1
b - Mephitic Cloud        Conj/Pois/Air  10%        N/A       36%         3
c - Blink                 Tloc           26%        N/A       13%         2
d - Slow                  Hex            36%        N/A       14%         1
e - Swiftness             Air            9%         N/A       41%         3

Your spell library contained the following spells:

 Spells                   Type           Power      Damage    Failure   Level
 Shock                    Conj/Air       44%        1d5       12%         1
 Call Imp                 Summ           13%        N/A       13%         2
 Conjure Flame            Conj/Fire      11%        6-21      34%         3
 Confusing Touch          Hex            9%         N/A       41%         3
 Passage of Golubria      Tloc           13%        N/A       65%         4
 Airstrike                Air            4%         N/A       82%         4
 Silence                  Hex/Air        4%         N/A       99%         5
 Yara's Violent Unravell  Hex/Tmut       4%         3d4       99%         5
 Lehudib's Crystal Spear  Conj/Erth      5%         10d3      100%        8


Dungeon Overview and Level Annotations

Branches:
Dungeon (3/15)

Altars:

Annotations:
D:3 Ijyb


Innate Abilities, Weirdness & Mutations

You have very sharp teeth.
Your uncanny sense of smell can sniff out nearby items.
Your experience applies equally to all skills.


Message History

Confirm with . or Enter, or press ? or * to list all spells.
Aiming: Slow (safe; 14% risk of failure)
Press: ? - help, Shift-Dir - straight line, f/p - Ijyb
Aim: Ijyb, wielding a +0 club, wearing a +0 chain mail and carrying a wand of acid (9) (chance to affect: 52%)
You miscast Slow.
You are very lightly contaminated with residual magic.
Nothing appears to happen.
Casting: Slow (safe; 14% risk of failure)
Confirm with . or Enter, or press ? or * to list all spells.
Aiming: Slow (safe; 14% risk of failure)
Press: ? - help, Shift-Dir - straight line, f/p - Ijyb
Aim: Ijyb, wielding a +0 club, wearing a +0 chain mail and carrying a wand of acid (9) (chance to affect: 52%) Ijyb resists with significant effort.
Casting: Slow (safe; 14% risk of failure)
Confirm with . or Enter, or press ? or * to list all spells.
Aiming: Slow (safe; 14% risk of failure)
Press: ? - help, Shift-Dir - straight line, f/p - Ijyb
Aim: Ijyb, wielding a +0 club, wearing a +0 chain mail and carrying a wand of acid (9) (chance to affect: 52%) Ijyb resists with significant effort.
Casting: Slow (safe; 14% risk of failure)
Confirm with . or Enter, or press ? or * to list all spells.
Aiming: Slow (safe; 14% risk of failure)
Press: ? - help, Shift-Dir - straight line, f/p - Ijyb
Aim: Ijyb, wielding a +0 club, wearing a +0 chain mail and carrying a wand of acid (9) (chance to affect: 52%) Ijyb resists with significant effort.
Ijyb hits you with a +0 club.
Casting: Slow (safe; 14% risk of failure)
Confirm with . or Enter, or press ? or * to list all spells.
Aiming: Slow (safe; 14% risk of failure)
Press: ? - help, Shift-Dir - straight line, f/p - Ijyb
Aim: Ijyb, wielding a +0 club, wearing a +0 chain mail and carrying a wand of acid (9) (chance to affect: 52%) Ijyb resists with significant effort.
Ijyb hits you but does no damage.
Casting: Slow (safe; 14% risk of failure)
Confirm with . or Enter, or press ? or * to list all spells.
Aiming: Slow (safe; 14% risk of failure)
Press: ? - help, Shift-Dir - straight line, f/p - Ijyb
Aim: Ijyb, wielding a +0 club, wearing a +0 chain mail and carrying a wand of acid (9) (chance to affect: 52%) Ijyb resists with significant effort.
Ijyb zaps a wand.
The bolt of acid hits you!!
Ouch! That really hurt!
You die...

.......)...........
.....<.<.##....##......
...........##### .....
............# .....
.†..........######.....
.#.....#....#..........
.......#....#.......#
.......#....#.......###
...............@.......
............##g..>...
............# ......#
............# .....##
............# ....##
............. ....#
.................#
................#


You could see Ijyb.

Vanquished Creatures
  An orc priest (D:2)
  2 adders (D:2)
  3 worms (D:2)
  2 dart slugs
  4 orcs
  7 ball pythons
  8 endoplasms
  2 giant cockroaches
  3 goblins
  7 hobgoblins
  3 jackals (D:1)
  4 kobolds
  5 quokkas
  8 bats
  4 frilled lizards
  5 rats
68 creatures vanquished.

Notes
Turn   | Place    | Note
-------+----------+-------------------------------------------
     0 | D:1      | Blackjack the Gnoll Hedge Wizard began the quest for the
                  | Orb.
     0 | D:1      | Reached XP level 1. HP: 13/13 MP: 8/8
   134 | D:1      | Reached XP level 2. HP: 12/19 MP: 1/10
   449 | D:1      | Reached XP level 3. HP: 23/25 MP: 1/11
   992 | D:1      | Reached skill level 1 in Invocations
  1302 | D:2      | Learned a level 3 spell: Mephitic Cloud
  1305 | D:2      | Learned a level 2 spell: Blink
  1307 | D:2      | Learned a level 1 spell: Slow
  1385 | D:2      | Learned a level 3 spell: Swiftness
  1420 | D:2      | Reached skill level 1 in Fighting
  1420 | D:2      | Reached skill level 1 in Short Blades
  1420 | D:2      | Reached skill level 1 in Long Blades
  1420 | D:2      | Reached skill level 1 in Axes
  1420 | D:2      | Reached skill level 1 in Maces & Flails
  1420 | D:2      | Reached skill level 1 in Polearms
  1420 | D:2      | Reached skill level 1 in Staves
  1420 | D:2      | Reached skill level 1 in Slings
  1420 | D:2      | Reached skill level 1 in Bows
  1420 | D:2      | Reached skill level 1 in Crossbows
  1420 | D:2      | Reached skill level 1 in Throwing
  1420 | D:2      | Reached skill level 1 in Armour
  1420 | D:2      | Reached skill level 1 in Shields
  1420 | D:2      | Reached skill level 1 in Unarmed Combat
  1420 | D:2      | Reached skill level 1 in Evocations
  1531 | D:2      | Reached XP level 4. HP: 32/32 MP: 2/13
  2708 | D:2      | Reached skill level 1 in Hexes
  2708 | D:2      | Reached skill level 1 in Necromancy
  2708 | D:2      | Reached skill level 1 in Transmutations
  2708 | D:2      | Reached skill level 1 in Fire Magic
  2708 | D:2      | Reached skill level 1 in Ice Magic
  2708 | D:2      | Reached skill level 1 in Air Magic
  2708 | D:2      | Reached skill level 1 in Earth Magic
  2708 | D:2      | Reached skill level 1 in Poison Magic
  3145 | D:2      | Reached XP level 5. HP: 14/37 MP: 5/14
  3402 | D:3      | Noticed Ijyb
  3409 | D:3      | Killed from afar by Ijyb

Illustrated notes

Levels and vault maps discovered:
D:1:      amcnicky_arrival_flooded_fountain, layout_rooms
D:2:      layout_loops_cross
D:3:      layout_basic, kennysheep_donut, chequers_arboretum, uniq_ijyb

Skill      XL: |  1  2  3  4 |
---------------+-------------+-----
Conjurations   | 2 |  2.3
Summonings     | 2 |  2.3
Translocations | 2 |  2.3
Invocations    | 1 |  1.5
Fighting       | 1 |  1.4
Short Blades   | 1 |  1.4
Long Blades    | 1 |  1.4
Axes           | 1 |  1.4
Maces & Flails | 1 |  1.4
Polearms       | 1 |  1.4
Staves         | 1 |  1.4
Slings         | 1 |  1.4
Bows           | 1 |  1.4
Crossbows      | 1 |  1.4
Throwing       | 1 |  1.4
Armour         | 1 |  1.4
Shields        | 1 |  1.4
Unarmed Combat | 1 |  1.4
Evocations     | 1 |  1.4
Hexes          | 1 |  1.1
Necromancy     | 1 |  1.1
Transmutations | 1 |  1.1
Fire Magic     | 1 |  1.1
Ice Magic      | 1 |  1.1
Air Magic      | 1 |  1.1
Earth Magic    | 1 |  1.1
Poison Magic   | 1 |  1.1
Dodging        | |  4.7
Stealth        | |  4.3
Spellcasting   | |  7.2

Action                   |  1- 3 |  4- 6 || total
-------------------------+-------+-------++-------
Melee: Dagger            |    41 |     9 ||    50
       Bite              |     1 |       ||     1
       Punch             |       |     1 ||     1
 Cast: Magic Dart        |    94 |    85 ||   179
       Slow              |     6 |     9 ||    15
       Mephitic Cloud    |     1 |       ||     1
 Stab: Confused          |     1 |       ||     1
Armor: Robe              |     4 |       ||     4
       Ring mail         |     1 |    20 ||    21
Dodge: Dodged            |    33 |    27 ||    60

Table legend: (Time is in decaauts)
 A = Elapsed time spent in this place.
 B = Non-inter-level travel time spent in this place.
 C = Inter-level travel time spent in this place.
 D = Time resting spent in this place.
 E = Time spent auto-exploring this place.
 F = Levels seen in this place.
 G = Mean time per level.
                   A        B        C        D        E       F      G
               +--------+--------+--------+--------+--------+-----+--------+
         Total |   3406 |   3381 |     25 |   1244 |   1633 |   3 | 1135.3 |
       Dungeon |   3406 |   3381 |     25 |   1244 |   1633 |   3 | 1135.3 |
               +--------+--------+--------+--------+--------+-----+--------+

Top non-repeatable levels by time:
     D:2: 2054 daAuts
     D:1: 1260 daAuts
     D:3: 91 daAuts
